 Dungeon Crawl Stone Soup version 0.30-a0-137-gd8773701ce (webtiles) character file.

Game seed: 6648984620970810061

59 Iusername the Covered (level 3, -2/34 HPs)
             Began as a Minotaur Fighter on Sept 21, 2022.
             Slain by a gnoll
             ... wielding a +0 spear
              (3 damage)
             ... on level 2 of the Dungeon.
             The game lasted 00:01:16 (1034 turns).

Iusername the Covered (Minotaur Fighter)            Turns: 1034, Time: 00:01:17

Health: -2/34      AC:  7    Str: 22    XL:     3   Next: 78%
Magic:  2/2        EV:  9    Int:  5    God:
Gold:   45         SH:  4    Dex:  9    Spells: 2/2 levels left

rFire   . . .      SeeInvis .    a - +0 long sword
rCold   . . .      Faith    .    c - +0 buckler
rNeg    . . .      Spirit   .    b - +0 scale mail
rPois   .          Reflect  .    (helmet restricted)
rElec   .          Harm     .    (no cloak)
rCorr   .          Rampage  .    (no gloves)
Will    .....                    (no boots)
Stlth   ..........               (no amulet)
HPRegen 0.11/turn                (no ring)
MPRegen 0.08/turn                (no ring)

@: mighty
A: horns 2, retaliatory headbutt
a: no special abilities


You were on level 2 of the Dungeon.
You visited 1 branch of the dungeon, and saw 2 of its levels.

You collected 45 gold pieces.

Inventory:

Hand Weapons
 a - a +0 long sword (weapon)
Armour
 b - a +0 scale mail (worn)
 c - a +0 buckler (worn)
Jewellery
 j - a ring of positive energy
 o - a ring of flight
Scrolls
 e - a scroll of noise {unknown}
 g - a scroll of butterflies {unknown}
 h - a scroll of summoning {unknown}
 i - 3 scrolls of identify {unknown}
 m - a scroll of brand weapon {unknown}
 n - 3 scrolls of enchant weapon {unknown}
Potions
 d - a potion of might
 f - a potion of cancellation {unknown}
 k - a potion of magic {unknown}
 l - a potion of heal wounds {unknown}


   Skills:
 + Level 4.3 Fighting
 + Level 3.0 Long Blades
 + Level 4.4 Armour
 + Level 0.7 Dodging
 + Level 4.0 Shields


You had 2 spell levels left.
You didn't know any spells.
Your spell library contained the following spells:

 Spells                   Type           Power      Damage    Failure   Level
 Ignite Poison            Fire/Tmut/Pois 0%         N/A       99%         3
 Mephitic Cloud           Conj/Pois/Air  0%         N/A       99%         3
 Freezing Cloud           Conj/Ice/Air   0%         6-21      100%        5


Dungeon Overview and Level Annotations

Branches:
Dungeon (2/15)

Altars:


Innate Abilities, Weirdness & Mutations

You have a pair of horns on your head.
You reflexively headbutt those who attack you in melee.


Message History

The gnoll closely misses you. The gnoll hits you but does no damage.
The gnoll misses you.
You see here a rat corpse.
You barely miss the gnoll.
The gnoll is lightly wounded.
The gnoll barely misses you. You furiously retaliate!
You headbutt the gnoll! The gnoll hits you with a +0 spear.
The gnoll closely misses you.
You feel very mighty all of a sudden. The gnoll completely misses you.
You furiously retaliate!
You headbutt the gnoll.
You kill the gnoll!
The gnoll hits you with a +0 spear.
* * * LOW HITPOINT WARNING * * *
The gnoll hits you from afar with a +0 spear.
* * * LOW HITPOINT WARNING * * *
The goblin hits you but does no damage.
Your Shields skill increases to level 4!
The goblin attacks as you move away! The goblin hits you but does no damage.
The gnoll hits you but does no damage. x2
Things that are here:
a +0 spear; a gnoll corpse You slash the gnoll!
You kill the gnoll!
The gnoll hits you but does no damage. The goblin hits you with a +0 dagger.
* * * LOW HITPOINT WARNING * * *
You block the gnoll's attack. The goblin hits you but does no damage.
Your Long Blades skill increases to level 3!
You completely miss the gnoll. The gnoll hits you but does no damage.
The goblin closely misses you.
You barely miss the gnoll. You headbutt the gnoll!
The gnoll is severely wounded.
The gnoll hits you but does no damage. The goblin hits you with a +0 dagger.
* * * LOW HITPOINT WARNING * * *
You closely miss the gnoll.
The gnoll is severely wounded.
The gnoll hits you with a +0 spear.
* * * LOW HITPOINT WARNING * * *
You block the goblin's attack. The goblin hits you but does no damage.
The gnoll hits you with a +0 spear.
You die...

.# ##############.#
#####............#.#
...................#
............####.#.# ##
#####)#####........##..
..# #.# ###.##..###.# ..#
#.#######.##))###.##.# #.#
#..........g@g.†...... #.#
.......#####...##..##.##.#
#.#
.####.........<....##.##.#
#.# #...####...#)........#
#.# #...#
##.###..##.########<#
#...# #.# #..##..........#
..... #.# #..#############
##.#. #.# #..# #..#


You could see a gnoll and a goblin.

Vanquished Creatures
  3 gnolls (D:2)
  A dart slug (D:1)
  An endoplasm (D:1)
  2 giant cockroaches (D:1)
  A goblin (D:1)
  2 hobgoblins (D:1)
  3 jackals (D:1)
  2 quokkas (D:1)
  4 ball pythons
  2 bats (D:1)
  5 kobolds
  4 rats
30 creatures vanquished.

Vanquished Creatures (others)
  A plant (D:1)
1 creature vanquished.

Grand Total: 31 creatures vanquished

Notes
Turn   | Place    | Note
-------+----------+-------------------------------------------
     0 | D:1      | Iusername the Minotaur Fighter began the quest for the Orb.
     0 | D:1      | Reached XP level 1. HP: 19/19 MP: 0/0
   213 | D:1      | Reached XP level 2. HP: 25/27 MP: 1/1
   880 | D:1      | Found a faded altar of an unknown god.
   979 | D:2      | Reached XP level 3. HP: 32/33 MP: 2/2
  1034 | D:2      | HP: 1/34 [gnoll/+0 spear (4)]
  1034 | D:2      | Slain by a gnoll

Illustrated notes

Levels and vault maps discovered:
D:1:      minmay_arrival_nine_rooms, layout_loops_ring,
          chequers_ecumenical_altar_lobes, minmay_pentomino_x2
D:2:      layout_loops_ring, chequers_avenue

Skill      XL: |  1  2  3 |
---------------+----------+-----
Armour         | 4 |  4.4
Fighting       | 4 |  4.3
Shields        | 4 |  4.0
Long Blades    | 3 |  3.0
Dodging        | |  0.7

Action                   || total
-------------------------++-------
Melee: Long sword        ||    62
       Headbutt          ||     8
  Use: Potion            ||     1
Armor: Scale mail        ||    50
Dodge: Dodged            ||    44
Block: Buckler           ||    21

Table legend: (Time is in decaauts)
 A = Elapsed time spent in this place.
 B = Non-inter-level travel time spent in this place.
 C = Inter-level travel time spent in this place.
 D = Time resting spent in this place.
 E = Time spent auto-exploring this place.
 F = Levels seen in this place.
 G = Mean time per level.
                   A        B        C        D        E       F      G
               +--------+--------+--------+--------+--------+-----+--------+
         Total |   1052 |    982 |     70 |      0 |    811 |   2 |  526.0 |
       Dungeon |   1052 |    982 |     70 |      0 |    811 |   2 |  526.0 |
               +--------+--------+--------+--------+--------+-----+--------+

Top non-repeatable levels by time:
     D:1: 967 daAuts
     D:2: 84 daAuts
